 Dungeon Crawl Stone Soup version 0.19-a0-1875-g4fea3da (webtiles) character file.

65 George the Chopper (level 3, 0/33 HPs)
             Began as a Deep Dwarf Fighter on Oct 13, 2016.
             Slain by a worker ant (1 damage)
             ... on level 3 of the Dungeon.
             The game lasted 00:03:39 (1499 turns).

George the Chopper (Deep Dwarf Fighter)             Turns: 1499, Time: 00:03:39

Health: 0/33       AC:  6    Str: 20    XL:     3   Next: 94%
Magic:  3/3        EV:  7    Int:  8    God:
Gold:   60         SH:  9    Dex: 12    Spells: 0 memorised, 2 levels left

rFire  . . .     SeeInvis .     a - +0 war axe
rCold  . . .     Gourm    .     b - +0 scale mail
rNeg   . . .     Faith    .     c - +0 shield
rPois  .         Spirit   .     (no helmet)
rElec  .         Dismiss  .     (no cloak)
rCorr  .         Reflect  .     (no gloves)
MR     .....     Harm     .     (no boots)
Stlth  ..........               (no amulet)
                                (no ring)
                                (no ring)

@: non-regenerating
A: damage resistance, recharge devices, sense surroundings 1, slow regeneration
3
a: Device Recharging


You were on level 3 of the Dungeon.
You were not hungry.

You visited 1 branch of the dungeon, and saw 3 of its levels.

You collected 60 gold pieces.

Inventory:

Hand Weapons
 a - a +0 war axe (weapon)
Armour
 b - a +0 scale mail (worn)
 c - a +0 shield (worn)
Wands
 e - a wand of heal wounds (5/9)
Scrolls
 g - a scroll of noise {unknown}
 h - 2 scrolls of amnesia {unknown}
 j - 2 scrolls of magic mapping {unknown}
 k - 4 scrolls of identify {unknown}
 l - a scroll of recharging {unknown}
 o - a scroll of teleportation {unknown}
Potions
 d - a potion of might
 i - a potion of cure mutation {unknown}
 m - a potion of resistance {unknown}
Comestibles
 f - 2 bread rations
 n - 3 chunks of flesh


   Skills:
 - Level 2.6 Fighting
 + Level 4.7 Axes
 - Level 3.2 Armour
 - Level 3.2 Shields


You had 2 spell levels left.
You didn't know any spells.

Dungeon Overview and Level Annotations

Branches:
Dungeon (3/15)

Altars:
Vehumet


Innate Abilities, Weirdness & Mutations

You are resistant to damage.
You can recharge devices by infusing magical energy.
You passively map a small area around you.
You do not regenerate.


Message History

You slash the worker ant!
The worker ant is almost dead.
You block the worker ant's attack. x2
You barely miss the worker ant.
The worker ant is almost dead.
You block the worker ant's attack.
You closely miss the worker ant.
The worker ant is almost dead.
You are no longer poisoned.
The worker ant bites you but does no damage. x2
You closely miss the worker ant.
The worker ant is almost dead.
You block the worker ant's attack.
Your shield prevents you from hitting the worker ant.
The worker ant is almost dead.
You block the worker ant's attack. The worker ant bites you.
Your shield and scale mail prevent you from hitting the worker ant.
The worker ant is almost dead.
The worker ant bites you.
You die...

, , , * * #. * # *
* # #. .#
..,###.####> * ...
....... , * * ....
..... , ,
.....#..., , ,
......a.# , , #@# *
* , * *, * *#.# , *
* #.# * < * #.# * *
, #.# * ####.#####.
#..........#
#.######.##.#######
#........##.#


You could see a worker ant.

Vanquished Creatures
  An adder (D:2)
  2 oozes (D:1)
  2 dart slugs
  A giant cockroach (D:1)
  8 goblins
  5 hobgoblins
  2 quokkas (D:2)
  A ball python (D:3)
  8 bats
  2 frilled lizards
  3 kobolds
  7 rats
42 creatures vanquished.

Notes
Turn   | Place    | Note
-------+----------+-------------------------------------------
     0 | D:1      | George the Deep Dwarf Fighter began the quest for the Orb.
     0 | D:1      | Reached XP level 1. HP: 20/20 MP: 1/1
    38 | D:1      | Reached skill level 3 in Axes
    54 | D:1      | Reached XP level 2. HP: 21/27 MP: 2/2
   797 | D:2      | Found a radiant altar of Vehumet.
   798 | D:2      | Reached XP level 3. HP: 26/33 MP: 3/3
   828 | D:2      | Reached skill level 4 in Axes
  1491 | D:3      | HP: 1/33 [worker ant (2)]
  1499 | D:3      | Slain by a worker ant

Vault maps used:
D:1:      erik_arrival_gehennom, minmay_misc_feat_tower, st_stairs_1
D:2:      vehumet_crystals, first_bread
D:3:      kennysheep_goblin_castle, minmay_misc_feat_square,
          kennysheep_generic_room_8

Skill      XL: |  1  2  3 |
---------------+----------+-----
Axes           | 3 4 |  4.7
Fighting       | |  2.6
Armour         | |  3.2
Shields        | |  3.2

Action                   || total
-------------------------++-------
Melee: War axe           ||   150
  Eat: Chunk             ||     2
Armor: Scale mail        ||    64
Dodge: Dodged            ||    26
Block: Shield            ||    79
